 Dungeon Crawl Stone Soup version 0.29.1-1-gd02db6906a (webtiles) character file.

Game seed: 1693554543176064643

212 warriortoast the Conjurer (level 5, -4/28 HPs)
             Began as a Deep Elf Conjurer on Sept 24, 2022.
             Slain by a scorpion (7 damage)
             ... on level 4 of the Dungeon.
             The game lasted 00:08:44 (3912 turns).

warriortoast the Conjurer (Deep Elf Conjurer)       Turns: 3912, Time: 00:08:44

Health: -4/28      AC:  3    Str:  4    XL:     5   Next: 58%
Magic:  14/15      EV: 12    Int: 25    God:
Gold:   91         SH:  0    Dex: 13    Spells: 14/15 levels left

rFire   . . .      SeeInvis .   o - +2 whip (elec)
rCold   . . .      Faith    .   (no shield)
rNeg    . . .      Spirit   .   a - +0 robe
rPois   .          Reflect  .   (no helmet)
rElec   .          Harm     .   (no cloak)
rCorr   .          Rampage  .   (no gloves)
Will    .....                   k - +0 pair of boots
Stlth   ++........              (no amulet)
HPRegen 0.09/turn               (no ring)
MPRegen 0.14/turn               (no ring)

@: lethally poisoned (-4 -> -8)
A: no striking features
a: no special abilities


You were on level 4 of the Dungeon.
You visited 1 branch of the dungeon, and saw 4 of its levels.

You collected 137 gold pieces.
You spent 46 gold pieces at shops.

Inventory:

Hand Weapons
 o - a +2 whip of electrocution (weapon)
Missiles
 l - 6 javelins
Armour
 a - a +0 robe (worn)
 k - a +0 pair of boots (worn)
 m - a scarf of shadows
Magical Staves
 d - a staff of earth
Jewellery
 c - a +6 ring of intelligence
 t - an amulet of faith
Scrolls
 g - 2 scrolls of teleportation {unknown}
 j - 2 scrolls of acquirement {unknown}
 n - 4 scrolls of brand weapon {unknown}
 q - a scroll of torment {unknown}
 s - a scroll of noise {unknown}
 v - a scroll of amnesia {unknown}
 w - a scroll of identify {unknown}
Potions
 b - a potion of magic
 e - a potion of cancellation {unknown}
 f - 3 potions of might {unknown}
 h - a potion of degeneration {unknown}
 i - a potion of mutation {unknown}
 p - a potion of heal wounds {unknown}
 r - 2 potions of berserk rage {unknown}
 u - 4 potions of attraction {unknown}


   Skills:
 - Level 2.4 Dodging
 - Level 2.4 Stealth
 + Level 5.9 Spellcasting
 + Level 6.2 Conjurations


You had 14 spell levels left.
You knew the following spells:

 Your Spells              Type           Power      Damage    Failure   Level
a - Magic Dart            Conj           100%       1d8       1%          1

Your spell library contained the following spells:

 Spells                   Type           Power      Damage    Failure   Level
 Searing Ray              Conj           76%        2d7       1%          2
 Dazzling Flash           Conj/Hex       46%        N/A       6%          3
 Freeze                   Ice            28%        1d5       8%          1
 Fulminant Prism          Conj/Hex       11%        3d9       21%         4
 Hailstorm                Conj/Ice       23%        3d7       21%         4
 Iskenderun's Mystic Bla  Conj/Tloc      23%        2d6       21%         4
 Frozen Ramparts          Ice            14%        1d3       22%         3


Dungeon Overview and Level Annotations

Branches:
Dungeon (4/15)
 Temple: D:4-7

Altars:

Shops:
D:1 !   D:2 *   D:4 [


Message History

The jackal bites you but does no damage.
The magic dart hits the jackal.
You kill the jackal!
You can't see any susceptible monsters within range! (Use Z to cast anyway.)
You start resting.
HP restored.
You start resting.
Magic restored.
You see here a jackal corpse.
There is a stone staircase leading down here.
You climb downwards.
There is a stone staircase leading up here.
You see here a +0 dagger.
Things that are here:
3 poisoned darts; a +3 flail
There is a stone staircase leading up here.
The magic dart hits the jackal.
The jackal is almost dead.
The jackal barks!
The jackal closely misses you. The jackal barely misses you.
You climb upwards.
There is a stone staircase leading down here.
The magic dart hits the jackal.
You kill the jackal!
You climb downwards.
The scorpion stings you! The phantom hits you.
The phantom blinks!
You blink.
The phantom misses you.
Unknown command.
The scorpion attacks as you move away! The scorpion stings you.
The scorpion attacks as you move away! The scorpion stings you.
* * * LOW HITPOINT WARNING * * *
You are lethally poisoned!
The scorpion poisons you!
* * * LOW HITPOINT WARNING * * *
You feel sick. The scorpion closely misses you.
* * * LOW HITPOINT WARNING * * *
You feel sick.
* * * LOW HITPOINT WARNING * * *
You feel sick. The scorpion attacks as you move away! The scorpion stings you!
You die...

........# #.########.##...#...
###.##### #.### #.####(#.##
#.##########...######.####).>##
#...........ยง......##.##.......
############.#.###.##........#.
#.#.# #.#####.##..#. #.#W# #<#
#.##..#. #.#s###.#####.##..#.
#..@.##......#....#.
#.....#######.###>..
#...................
#.....#######.###### ##...##
#.....# ##.## #.#.#.#### #.#
#.#....... #.# #.########
#)#######.#


You could see a phantom and a scorpion.

Vanquished Creatures
  An orc wizard (D:4)
  10 adders
  A shadow imp (D:4)
  4 worms
  5 orcs
  12 endoplasms
  2 giant cockroaches
  7 goblins
  6 hobgoblins
  4 jackals
  5 quokkas
  4 ball pythons
  2 bats (D:2)
  5 frilled lizards
  7 kobolds
  A rat (D:1)
76 creatures vanquished.

Vanquished Creatures (others)
  A fungus (D:1)
  42 plants
43 creatures vanquished.

Grand Total: 119 creatures vanquished

Notes
Turn   | Place    | Note
-------+----------+-------------------------------------------
     0 | D:1      | warriortoast the Deep Elf Conjurer began the quest for the
                  | Orb.
     0 | D:1      | Reached XP level 1. HP: 10/10 MP: 6/6
     0 | D:1      | Found Xunetidd's Distillery.
   164 | D:1      | Found a faded altar of an unknown god.
   175 | D:1      | Reached XP level 2. HP: 15/15 MP: 4/8
   962 | D:2      | Found Votykhef's Assorted Antiques.
   967 | D:2      | Reached skill level 5 in Conjurations
   967 | D:2      | Reached XP level 3. HP: 19/19 MP: 6/10
  1025 | D:2      | Bought a ruby potion for 23 gold pieces
  1025 | D:2      | Bought a glowing puce potion for 23 gold pieces
  1697 | D:2      | Reached XP level 4. HP: 24/24 MP: 8/12
  2288 | D:3      | Reached skill level 5 in Spellcasting
  3221 | D:4      | Identified the +2 ring mail of Catatonia {Harm Will++}
  3271 | D:4      | Reached XP level 5. HP: 28/28 MP: 10/14
  3405 | D:4      | Found Xitse Osoe's Antique Armour Emporium.
  3416 | D:4      | Reached skill level 6 in Conjurations
  3753 | D:4      | Noticed a phantom
  3912 | D:4      | Slain by a scorpion

Illustrated notes

Levels and vault maps discovered:
D:1:      eino_arrival_water_cross, layout_rooms, serial_shops, shop,
          shapermc_ecumenical_altar_mp_ritualfount, bh_walls_and_bars
D:2:      layout_basic, serial_shops, nicolae_shop_waterfront,
          minmay_misc_feat_iff, serial_bayou_lagoon_a, grunt_ministairs_13,
          hangedman_glass_teeth
D:3:      layout_rooms, minmay_puff
D:4:      minmay_bubble_buster, layout_loops_ring, serial_shops, shop

Skill      XL: |  1  2  3  4  5 |
---------------+----------------+-----
Spellcasting   | 4 5 |  5.9
Conjurations   | 5 6 |  6.2
Dodging        | |  2.4
Stealth        | |  2.4

Action                   |  1- 3 |  4- 6 || total
-------------------------+-------+-------++-------
 Cast: Magic Dart        |    78 |    97 ||   175
Armor: Robe              |     9 |     9 ||    18
Dodge: Dodged            |    14 |    27 ||    41
